AoeStats
← no one

Arabia

507360116Analyzed
1v1 RM · 15d ago on Sep 17, 2026· 13m 8s· 2 players
Game mode
Random Map
Map size
Tiny (2 player)
Population
200
Speed
Normal
Resources
Standard
Victory
Conquest
Starting age
Dark Age
Ending age
Imperial Age
RankedLock teamsTeams togetherTeam positionsShared explorationLock speedFull tech treeHidden civsTurbo modeCheats
Victory
Defeat
🇨🇴 Vikings · Colombia
1634
+17
🇦🇷 Gurjaras · Argentina
1652
-17
yhoneyder.delrio
7:16 Loom
9:51 Feudal Age
10:25 Double-Bit Axe
10:27 Man-at-Arms
no one
2:51 Loom
6:29 Loom
9:18 Feudal Age
9:48 Double-Bit Axe
10:00 Horse Collar
Connection lost

Rejoining the realm…

Still unreachable

The connection could not be restored.

Session expired

The server has moved on; the page needs a fresh start.